 Dungeon Crawl Stone Soup version 0.29.1-1-gd02db6906a (webtiles) character file.

Game seed: 5499112120608285113

443 DemonSlayer the Firebug (level 6, -1/42 HPs)
             Began as a Demonspawn Fire Elementalist on Sept 24, 2022.
             Slain by a bullfrog (8 damage)
             ... on level 4 of the Dungeon on Sept 26, 2022.
             The game lasted 00:10:04 (6066 turns).

DemonSlayer the Firebug (DsFE)                      Turns: 6066, Time: 00:10:04

Health: -1/42      AC:  4    Str:  9      XL:     6   Next: 71%
Magic:  2/12       EV: 11    Int: 17 (18) God:
Gold:   212        SH:  0    Dex: 12 (13) Spells: 7/13 levels left

rFire   . . .      SeeInvis .   t - +2 flail (vorpal)
rCold   . . .      Faith    .   (no shield)
rNeg    . . .      Spirit   .   u - +0 leather armour
rPois   .          Reflect  .   (no helmet)
rElec   .          Harm     .   e - +0 cloak
rCorr   .          Rampage  .   (no gloves)
Will    .....                   (no boots)
Stlth   ++........              (no amulet)
HPRegen 0.14/turn               (no ring)
MPRegen 0.13/turn               (no ring)

@: no status effects
A: demonic guardian 1, powered by pain 1, weakness stinger 1
a: no special abilities


You were on level 4 of the Dungeon.
You visited 1 branch of the dungeon, and saw 4 of its levels.

You collected 212 gold pieces.

Inventory:

Hand Weapons
 h - a +0 short sword
 t - a +2 vorpal flail (weapon)
Armour
 a - a +0 robe
 e - a +0 cloak (worn)
 u - a +0 leather armour (worn)
Wands
 o - a wand of iceblast (1)
Scrolls
 c - 8 scrolls of teleportation {unknown}
 d - 7 scrolls of identify {unknown}
 i - a scroll of magic mapping {unknown}
 l - a scroll of immolation {unknown}
 m - a scroll of amnesia {unknown}
 q - a scroll of noise {unknown}
 s - a scroll of enchant armour {unknown}
Potions
 b - a potion of magic
 f - a potion of brilliance {unknown}
 g - a potion of degeneration
 j - a potion of cancellation {unknown}
 k - a potion of haste {unknown}
 n - a potion of berserk rage
 p - a potion of flight {unknown}
 r - 2 potions of attraction {unknown}
 v - a potion of invisibility


   Skills:
 + Level 0.7 Fighting
 + Level 1.4 Short Blades
 + Level 2.5 Dodging
 + Level 2.1 Stealth
 + Level 0.2 Unarmed Combat
 + Level 4.1 Spellcasting
 + Level 1.7 Conjurations
 + Level 4.6 Fire Magic
 + Level 0.2 Evocations


You had 7 spell levels left.
You knew the following spells:

 Your Spells              Type           Power      Damage    Failure   Level
a - Foxfire               Conj/Fire      56%        2x1d6     6%          1
b - Scorch                Fire           38%        2d6       4%          2
c - Summon Guardian Gole  Hex/Summ       3%         N/A       54%         3

Your spell library contained the following spells:

 Spells                   Type           Power      Damage    Failure   Level
 Conjure Flame            Conj/Fire      14%        6-21      17%         3
 Inner Flame              Hex/Fire       11%        N/A       26%         3
 Flame Wave               Conj/Fire      14%        2d6       50%         4
 Orb of Destruction       Conj           4%         9d5       100%        7
 Spellforged Servitor     Conj/Summ      3%         N/A       100%        7


Dungeon Overview and Level Annotations

Branches:
Dungeon (4/15)
 Temple: D:4-7

Altars:
Dithmenos
Gozag
Nemelex Xobeh
Uskayaw
Yredelemnul


Innate Abilities, Weirdness & Mutations

A weak demonic guardian rushes to your aid.
You sometimes gain a little power by taking damage.
You have a small tail.


Message History

The adder barely misses you.
Flames lash the bullfrog.
The bullfrog is burned terribly!
The bullfrog is severely wounded.
The bullfrog hits you. The adder barely misses you.
The bullfrog barely misses you. The adder barely misses you.
Flames lash the adder.
The adder is burned terribly!
You kill the adder!
The bullfrog misses you.
You are out of magic!
You are out of magic!
You are out of magic!
You hit the bullfrog but do no damage.
The bullfrog is severely wounded.
The bullfrog hits you. The bullfrog barely misses you.
You barely miss the bullfrog.
The bullfrog is severely wounded.
The bullfrog barely misses you.
The bullfrog hits you but does no damage.
The bullfrog hits you!
You closely miss the bullfrog.
Your tail-slap misses the bullfrog.
The bullfrog is severely wounded.
The bullfrog barely misses you. x2
You barely miss the bullfrog.
The bullfrog is severely wounded.
The bullfrog hits you. x2
You are too injured to fight recklessly!
You are too injured to fight recklessly!
You closely miss the bullfrog.
The bullfrog is severely wounded.
The bullfrog is no longer more vulnerable to fire.
The bullfrog hits you.
* * * LOW HITPOINT WARNING * * *
The bullfrog hits you.
* * * LOW HITPOINT WARNING * * *
A demonic guardian appears!
Unknown command.
You hit the bullfrog.
The bullfrog is almost dead.
The bullfrog hits you!
You die...

#. #.# #.########
#........#
#.....?..#
#........#
#..†5....#
#.@F)....#
#.#################
#..................
###################


You could see a bullfrog (ally target) and a friendly shadow imp (summoned).

Vanquished Creatures
  Edmund (D:4)
  An orc priest (D:3)
  2 hounds (D:3)
  An iguana (D:4)
  A gnoll (D:3)
  6 adders
  3 worms
  4 dart slugs
  3 orcs (D:3)
  7 endoplasms
  7 giant cockroaches
  13 goblins
  9 hobgoblins
  5 jackals (D:1)
  5 quokkas
  5 ball pythons
  7 bats
  3 frilled lizards
  4 kobolds (D:1)
  3 rats
90 creatures vanquished.

Vanquished Creatures (collateral kills)
  2 gnolls (D:3)
  2 adders
  An endoplasm (D:4)
5 creatures vanquished.

Vanquished Creatures (others)
  103 foxfires
103 creatures vanquished.

Grand Total: 198 creatures vanquished

Notes
Turn   | Place    | Note
-------+----------+-------------------------------------------
     0 | D:1      | DemonSlayer the Demonspawn Fire Elementalist began the
                  | quest for the Orb.
     0 | D:1      | Reached XP level 1. HP: 13/13 MP: 3/3
   544 | D:2      | Gained mutation: You sometimes gain a little power by
                  | taking damage. [demonic ancestry]
   544 | D:2      | Reached XP level 2. HP: 19/19 MP: 0/5
  1108 | D:1      | Learned a level 2 spell: Scorch
  1565 | D:1      | Gained mutation: A weak demonic guardian rushes to your
                  | aid. [demonic ancestry]
  1565 | D:1      | Reached XP level 3. HP: 24/24 MP: 4/6
  2115 | D:1      | Learned a level 3 spell: Summon Guardian Golem
  2558 | D:2      | Discovered your monstrous ancestry.
  2558 | D:2      | Gained mutation: You have a small tail. [demonic ancestry]
  2558 | D:2      | Reached XP level 4. HP: 30/30 MP: 4/7
  3518 | D:3      | Reached XP level 5. HP: 23/35 MP: 1/9
  4064 | D:3      | Found an opulent altar of Gozag.
  4103 | D:3      | Reached skill level 1 in Short Blades
  4260 | D:3      | Found a basalt altar of Yredelemnul.
  4260 | D:3      | Found a faded altar of an unknown god.
  4910 | D:3      | Found a shadowy altar of Dithmenos.
  4912 | D:3      | Found a faded altar of an unknown god.
  5026 | D:4      | Reached XP level 6. HP: 42/42 MP: 4/11
  5125 | D:4      | Found a sparkling altar of Nemelex Xobeh.
  5165 | D:4      | Noticed a +0 dagger
  5165 | D:4      | Noticed a +0 spear
  5166 | D:4      | Noticed a +0 short sword
  5167 | D:4      | Noticed a +0 spear
  5167 | D:4      | Noticed a +0 short sword
  5168 | D:4      | Noticed a +0 falchion
  5168 | D:4      | Noticed a +0 dagger
  5169 | D:4      | Noticed a +0 falchion
  5172 | D:4      | Noticed Edmund
  5196 | D:4      | Killed Edmund
  5975 | D:4      | Found a hide-covered altar of Uskayaw.
  6066 | D:4      | Slain by a bullfrog

Illustrated notes

Levels and vault maps discovered:
D:1:      elethiomel_arrival_infinity_welcomes_careful_drivers, layout_basic,
          bh_walls_and_bars
D:2:      layout_rooms
D:3:      minmay_wonky_spiral, layout_basic, grunt_gozag_statues,
          chequers_temple_overflow_minitemple
D:4:      minmay_chambers_of_threes, layout_basic, nemelex_altar_shiori,
          mainiacjoe_overflow_six_doors_small, nicolae_uskayaw_en_pointe,
          uniq_edmund

Skill      XL: |  1  2  3  4  5  6 |
---------------+-------------------+-----
Dodging        | 2 |  2.5
Fire Magic     | 3 4 |  4.6
Spellcasting   | 3 4 |  4.1
Stealth        | 2 |  2.1
Short Blades   | 1 |  1.4
Fighting       | |  0.7
Unarmed Combat | |  0.2
Conjurations   | |  1.7
Evocations     | |  0.2

Action                   |  1- 3 |  4- 6 || total
-------------------------+-------+-------++-------
Melee: Unarmed           |    58 |       ||    58
       Short sword       |    42 |    51 ||    93
       Tailslap          |       |     6 ||     6
       Flail             |       |     8 ||     8
 Cast: Foxfire           |    69 |       ||    69
       Scorch            |    19 |    59 ||    78
Evoke: Wand              |       |     4 ||     4
  Use: Potion            |       |     8 ||     8
 Stab: Invisible         |       |     1 ||     1
Armor: Robe              |    38 |     9 ||    47
       Leather armour    |       |     7 ||     7
Dodge: Dodged            |    84 |    82 ||   166
